[ PARTIDA AOE2 · #486963828 ]
UnrankedGeorgianos vs Huns
Equipo del jugador · DERR
[ ANÁLISIS DE REPETICIÓN · EXTRAÍDO DE LA PARTIDA GRABADA ]
Feudal
12:35
Castillos
16:08
Imperial
34:58
| APM promedio | 57.3 |
| APM pico | 95 |
| eAPM promedio | 33.6 |
| Aldeanos / militares | 204 / 109 |
Foco
⚔️ 35.2% · 🌾 64.8%
Knight ×85 · Monaspa ×19 · Trebuchet (Packed) ×4 · Monk ×1
Feudal
11:10
Castillos
22:50
Imperial
40:27
| APM promedio | 60.3 |
| APM pico | 104 |
| eAPM promedio | 20.3 |
| Aldeanos / militares | 135 / 109 |
Foco
⚔️ 37.1% · 🌾 62.9%
Cavalry Archer ×95 · Scout Cavalry ×11 · Skirmisher ×2 · Spearman ×1
Feudal
12:16
Castillos
29:39
Imperial
—
| APM promedio | 28.2 |
| APM pico | 67 |
| eAPM promedio | 16.4 |
| Aldeanos / militares | 109 / 30 |
Foco
⚔️ 20.4% · 🌾 79.6%
Camel Scout ×15 · Scout Cavalry ×9 · Spearman ×6
Feudal
13:20
Castillos
16:59
Imperial
39:44
| APM promedio | 29.8 |
| APM pico | 58 |
| eAPM promedio | 16.2 |
| Aldeanos / militares | 99 / 92 |
Foco
⚔️ 30.4% · 🌾 69.6%
Spearman ×44 · Jaguar Warrior ×36 · Monk ×5 · Battering Ram ×4 · Trebuchet (Packed) ×2 · Militia ×1
Feudal
12:36
Castillos
29:14
Imperial
43:44
| APM promedio | 19.0 |
| APM pico | 40 |
| eAPM promedio | 11.1 |
| Aldeanos / militares | 88 / 12 |
Foco
⚔️ 26.5% · 🌾 73.5%
Unknown (1944) ×39 · Scout Cavalry ×9 · Mangonel ×2 · Spearman ×1 · Unknown (1942) ×1
Feudal
14:35
Castillos
18:15
Imperial
39:31
| APM promedio | 40.0 |
| APM pico | 69 |
| eAPM promedio | 24.9 |
| Aldeanos / militares | 146 / 89 |
Foco
⚔️ 23.4% · 🌾 76.6%
Knight ×59 · Teutonic Knight ×9 · Scorpion ×8 · Monk ×7 · Fishing Ship ×7 · Trebuchet (Packed) ×4
Feudal
13:34
Castillos
17:11
Imperial
—
| APM promedio | 68.3 |
| APM pico | 143 |
| eAPM promedio | 27.6 |
| Aldeanos / militares | 161 / 163 |
Foco
⚔️ 49.8% · 🌾 50.2%
Magyar Huszar ×163
Feudal
12:49
Castillos
16:51
Imperial
40:35
| APM promedio | 51.7 |
| APM pico | 83 |
| eAPM promedio | 22.6 |
| Aldeanos / militares | 155 / 77 |
Foco
⚔️ 34.4% · 🌾 65.6%
Plumed Archer ×75 · Trebuchet (Packed) ×2
Mapa de la partida
Recursos iniciales + cada clic de construcción. Líneas = muros · curvas = relieve. ◆ oro · ⬟ piedra · ● bayas · ✦ reliquia · ◌ hueco del cierre
Tu base· Abierta — hueco de 9t
Base de Fluffy Dust· Abierta — flanco sin cerrar
Base de |FMG| pablomac12· Abierta — flanco sin cerrar
Base de avatar_tp· Abierta — hueco de 9t
Base de MotomilitiA· Abierta — flanco sin cerrar
Base de |FMG| Nadie· Abierta — flanco sin cerrar
Base de No[☠]Fate· Abierta — flanco sin cerrar
Base de FMG | Sawasha Takohida· Abierta — flanco sin cerrar
Terreno inicial suavizado · ◌ = hueco del cierre detectado · pasá el cursor para detalles
Inputs por minuto
— FMG | Rxon - - Fluffy Dust
Build order — FMG | Rxon
Primeras 150 de 534 acciones detectadas
| 0:03 | Construir | Town Center |
| 1:38 | Construir | House |
| 1:50 | Construir | House |
| 2:02 | Construir | House |
| 2:08 | Construir | House |
| 2:21 | Construir | House |
| 2:25 | Crear | Villager (Male) |
| 2:25 | Crear | Villager (Male) |
| 2:25 | Crear | Villager (Male) |
| 2:25 | Crear | Villager (Male) |
| 2:33 | Construir | House |
| 3:43 | Crear | Villager (Male) |
| 4:21 | Crear | Villager (Male) |
| 4:21 | Crear | Villager (Male) |
| 4:38 | Construir | House |
| 4:56 | Crear | Villager (Male) |
| 5:11 | Crear | Villager (Male) |
| 5:17 | Crear | Villager (Male) |
| 5:39 | Crear | Villager (Male) |
| 6:12 | Construir | Mill |
| 6:21 | Crear | Villager (Male) |
| 6:22 | Crear | Villager (Male) |
| 6:38 | Construir | House |
| 6:51 | Construir | House |
| 7:02 | Construir | House |
| 7:08 | Crear | Villager (Male) |
| 7:30 | Investigar | Loom |
| 7:31 | Construir | House |
| 7:51 | Crear | Villager (Male) |
| 7:51 | Crear | Villager (Male) |
| 7:51 | Crear | Villager (Male) |
| 7:51 | Crear | Villager (Male) |
| 8:13 | Crear | Villager (Male) |
| 8:19 | Construir | House |
| 8:28 | Construir | House |
| 8:32 | Crear | Villager (Male) |
| 9:07 | Crear | Villager (Male) |
| 10:03 | Investigar | Feudal Age |
| 10:11 | Construir | Mule Cart |
| 11:57 | Construir | Barracks |
| 12:17 | Crear | Villager (Male) |
| 12:17 | Crear | Villager (Male) |
| 12:35 | Edad | Edad Feudal |
| 12:40 | Construir | Market |
| 12:42 | Construir | Blacksmith |
| 13:28 | Investigar | Castle Age |
| 13:29 | Investigar | Castle Age |
| 13:36 | Investigar | Double-Bit Axe |
| 13:43 | Construir | Palisade Wall |
| 14:04 | Construir | Palisade Wall |
| 15:28 | Construir | House |
| 16:08 | Edad | Edad de los Castillos |
| 16:10 | Crear | Villager (Male) |
| 16:16 | Construir | Monastery |
| 16:19 | Construir | Monastery |
| 16:28 | Crear | Villager (Male) |
| 16:40 | Crear | Villager (Male) |
| 16:47 | Construir | Castle |
| 17:15 | Construir | Mule Cart |
| 17:35 | Construir | Mill |
| 17:45 | Crear | Villager (Male) |
| 17:55 | Construir | Farm |
| 17:58 | Construir | Farm |
| 18:00 | Construir | Farm |
| 18:29 | Construir | Farm |
| 18:31 | Crear | Villager (Male) |
| 18:48 | Construir | Town Center |
| 18:51 | Crear | Villager (Male) |
| 18:59 | Crear | Monaspa |
| 19:04 | Construir | Farm |
| 19:12 | Crear | Villager (Male) |
| 19:33 | Crear | Villager (Male) |
| 19:39 | Crear | Monaspa |
| 19:59 | Crear | Villager (Male) |
| 20:05 | Investigar | Bow Saw |
| 20:06 | Crear | Villager (Male) |
| 20:14 | Crear | Villager (Male) |
| 20:33 | Crear | Villager (Male) |
| 20:37 | Crear | Villager (Male) |
| 20:41 | Crear | Villager (Male) |
| 20:58 | Crear | Villager (Male) |
| 21:13 | Crear | Monaspa |
| 21:26 | Crear | Villager (Male) |
| 21:30 | Investigar | Horse Collar |
| 21:38 | Crear | Monaspa |
| 21:56 | Crear | Villager (Male) |
| 22:08 | Crear | Villager (Male) |
| 22:11 | Construir | Town Center |
| 22:14 | Crear | Monaspa |
| 22:19 | Crear | Villager (Male) |
| 22:29 | Construir | House |
| 22:29 | Construir | House |
| 22:30 | Crear | Villager (Male) |
| 22:30 | Crear | Villager (Male) |
| 22:32 | Construir | Farm |
| 22:34 | Construir | Farm |
| 22:37 | Construir | Farm |
| 22:40 | Construir | Mill |
| 22:43 | Crear | Villager (Male) |
| 22:59 | Crear | Villager (Male) |
| 23:11 | Crear | Monaspa |
| 23:21 | Crear | Monaspa |
| 23:24 | Crear | Villager (Male) |
| 23:32 | Crear | Villager (Male) |
| 23:38 | Construir | Farm |
| 23:38 | Construir | Farm |
| 23:38 | Construir | Farm |
| 23:38 | Construir | Farm |
| 23:39 | Construir | Farm |
| 23:41 | Crear | Villager (Male) |
| 23:41 | Crear | Villager (Male) |
| 23:49 | Construir | Farm |
| 23:51 | Crear | Villager (Male) |
| 23:55 | Crear | Monk |
| 24:03 | Crear | Villager (Male) |
| 24:03 | Crear | Villager (Male) |
| 24:03 | Crear | Villager (Male) |
| 24:10 | Construir | Farm |
| 24:14 | Crear | Villager (Male) |
| 24:19 | Crear | Villager (Male) |
| 24:23 | Crear | Villager (Male) |
| 24:23 | Crear | Villager (Male) |
| 24:25 | Construir | Farm |
| 24:25 | Construir | Farm |
| 24:26 | Construir | Farm |
| 24:28 | Crear | Villager (Male) |
| 24:29 | Construir | Farm |
| 24:32 | Construir | Farm |
| 24:39 | Construir | House |
| 24:43 | Crear | Villager (Male) |
| 24:48 | Crear | Villager (Male) |
| 24:57 | Crear | Villager (Male) |
| 24:59 | Construir | Farm |
| 25:16 | Crear | Villager (Male) |
| 25:27 | Construir | House |
| 25:30 | Construir | Town Center |
| 25:33 | Crear | Villager (Male) |
| 25:37 | Investigar | Scale Barding Armor |
| 25:38 | Crear | Villager (Male) |
| 25:44 | Crear | Villager (Male) |
| 25:46 | Construir | Mule Cart |
| 25:52 | Crear | Villager (Male) |
| 25:54 | Construir | House |
| 25:54 | Construir | House |
| 26:01 | Crear | Villager (Male) |
| 26:09 | Investigar | Forging |
| 26:22 | Crear | Villager (Male) |
| 26:26 | Construir | Farm |
| 26:33 | Construir | Monastery |
| 26:35 | Crear | Villager (Male) |
Build order — Fluffy Dust
Primeras 150 de 350 acciones detectadas
| 0:10 | Construir | Town Center |
| 2:14 | Crear | Villager (Male) ×4 |
| 2:14 | Crear | Villager (Male) ×4 |
| 3:33 | Crear | Villager (Male) |
| 4:23 | Crear | Villager (Male) ×2 |
| 5:10 | Crear | Villager (Male) ×2 |
| 5:16 | Construir | Lumber Camp |
| 5:27 | Crear | Villager (Male) |
| 6:18 | Crear | Villager (Male) ×2 |
| 6:58 | Crear | Villager (Male) ×2 |
| 7:28 | Crear | Villager (Male) |
| 8:03 | Construir | Mill |
| 8:35 | Crear | Villager (Male) |
| 8:54 | Investigar | Feudal Age |
| 9:36 | Crear | Villager (Male) |
| 9:36 | Investigar | Loom |
| 10:14 | Construir | Barracks |
| 11:10 | Edad | Edad Feudal |
| 11:14 | Construir | Stable |
| 11:38 | Crear | Villager (Male) |
| 11:41 | Investigar | Double-Bit Axe |
| 11:48 | Construir | Palisade Wall |
| 11:54 | Crear | Scout Cavalry |
| 11:54 | Crear | Scout Cavalry |
| 11:57 | Crear | Scout Cavalry |
| 12:29 | Crear | Villager (Male) |
| 12:29 | Crear | Villager (Male) |
| 12:31 | Investigar | Horse Collar |
| 12:35 | Construir | Farm |
| 12:55 | Crear | Villager (Male) |
| 13:01 | Crear | Scout Cavalry |
| 13:03 | Crear | Villager (Male) ×2 |
| 13:44 | Crear | Villager (Male) |
| 13:46 | Crear | Scout Cavalry |
| 13:46 | Crear | Scout Cavalry |
| 14:01 | Construir | Archery Range |
| 14:14 | Crear | Villager (Male) |
| 14:25 | Construir | Palisade Gate |
| 14:34 | Crear | Villager (Male) |
| 14:38 | Construir | Mining Camp |
| 14:57 | Crear | Skirmisher |
| 15:07 | Crear | Skirmisher |
| 15:12 | Crear | Villager (Male) |
| 15:35 | Crear | Villager (Male) |
| 16:02 | Crear | Scout Cavalry |
| 16:07 | Construir | Farm |
| 16:07 | Construir | Farm |
| 16:07 | Construir | Farm |
| 16:08 | Construir | Farm |
| 16:08 | Construir | Farm |
| 16:08 | Construir | Farm |
| 16:08 | Construir | Farm |
| 16:08 | Construir | Farm |
| 16:28 | Crear | Spearman |
| 16:40 | Construir | Farm |
| 16:59 | Crear | Scout Cavalry |
| 17:01 | Crear | Villager (Male) |
| 17:01 | Crear | Villager (Male) |
| 17:03 | Crear | Scout Cavalry |
| 18:00 | Crear | Villager (Male) |
| 18:00 | Crear | Villager (Male) |
| 18:06 | Crear | Villager (Male) |
| 18:24 | Construir | Market |
| 18:57 | Crear | Villager (Male) |
| 19:08 | Investigar | Bloodlines |
| 19:10 | Crear | Villager (Male) |
| 19:12 | Crear | Scout Cavalry |
| 19:12 | Crear | Scout Cavalry |
| 19:25 | Construir | Farm |
| 19:28 | Construir | Farm |
| 19:29 | Construir | Farm |
| 19:45 | Crear | Villager (Male) |
| 20:04 | Investigar | Castle Age |
| 20:50 | Construir | Archery Range |
| 21:30 | Construir | Archery Range |
| 22:12 | Construir | Blacksmith |
| 22:50 | Edad | Edad de los Castillos |
| 22:57 | Construir | Town Center |
| 23:02 | Crear | Cavalry Archer |
| 23:06 | Crear | Villager (Male) |
| 23:06 | Crear | Villager (Male) |
| 23:08 | Crear | Cavalry Archer |
| 23:10 | Investigar | Fletching |
| 23:11 | Investigar | Padded Archer Armor |
| 23:13 | Crear | Cavalry Archer |
| 23:13 | Crear | Cavalry Archer |
| 23:37 | Crear | Cavalry Archer |
| 23:37 | Crear | Cavalry Archer |
| 23:54 | Crear | Villager (Male) |
| 23:55 | Crear | Villager (Male) |
| 24:03 | Crear | Villager (Male) |
| 24:04 | Crear | Villager (Male) |
| 24:09 | Investigar | Bodkin Arrow |
| 24:10 | Crear | Cavalry Archer |
| 24:10 | Crear | Cavalry Archer |
| 24:11 | Crear | Villager (Male) |
| 24:13 | Construir | Farm |
| 24:16 | Construir | Farm |
| 24:39 | Crear | Cavalry Archer |
| 24:39 | Crear | Cavalry Archer |
| 24:43 | Crear | Villager (Male) |
| 24:43 | Crear | Villager (Male) |
| 24:46 | Construir | Farm |
| 24:53 | Construir | Farm |
| 24:56 | Construir | Farm |
| 25:00 | Construir | Lumber Camp |
| 25:14 | Crear | Villager (Male) |
| 25:14 | Crear | Villager (Male) |
| 25:19 | Crear | Cavalry Archer |
| 25:19 | Crear | Cavalry Archer |
| 25:49 | Crear | Cavalry Archer |
| 25:49 | Crear | Cavalry Archer |
| 25:51 | Crear | Villager (Male) |
| 25:52 | Crear | Villager (Male) |
| 25:59 | Construir | University |
| 26:03 | Crear | Villager (Male) |
| 26:03 | Crear | Villager (Male) |
| 26:05 | Crear | Cavalry Archer |
| 26:05 | Crear | Cavalry Archer |
| 26:12 | Crear | Villager (Male) |
| 26:13 | Crear | Villager (Male) |
| 26:52 | Crear | Villager (Male) |
| 26:52 | Crear | Villager (Male) |
| 27:05 | Crear | Villager (Male) |
| 27:07 | Crear | Cavalry Archer |
| 27:07 | Crear | Cavalry Archer |
| 27:10 | Construir | Mining Camp |
| 27:14 | Construir | Mining Camp |
| 27:28 | Investigar | Ballistics |
| 27:28 | Investigar | Ballistics |
| 27:30 | Crear | Villager (Male) ×5 |
| 28:06 | Crear | Villager (Male) |
| 28:07 | Crear | Villager (Male) |
| 28:27 | Crear | Villager (Male) |
| 28:27 | Crear | Villager (Male) |
| 28:28 | Crear | Cavalry Archer |
| 28:28 | Crear | Cavalry Archer |
| 28:28 | Crear | Cavalry Archer |
| 28:35 | Crear | Cavalry Archer |
| 28:36 | Crear | Cavalry Archer |
| 28:37 | Crear | Villager (Male) |
| 28:37 | Crear | Villager (Male) |
| 28:47 | Construir | Town Center |
| 28:55 | Crear | Cavalry Archer |
| 28:55 | Crear | Cavalry Archer |
| 29:22 | Crear | Cavalry Archer |
| 29:22 | Crear | Cavalry Archer |
| 29:22 | Crear | Villager (Male) |
| 29:35 | Crear | Villager (Male) |
| 29:35 | Crear | Villager (Male) |
Build order — |FMG| pablomac12
Primeras 150 de 244 acciones detectadas
| 0:22 | Construir | Town Center |
| 1:47 | Construir | House |
| 2:34 | Crear | Villager (Male) |
| 2:34 | Crear | Villager (Male) |
| 2:34 | Crear | Villager (Male) |
| 2:34 | Crear | Villager (Male) |
| 3:16 | Crear | Villager (Male) |
| 3:26 | Construir | House |
| 4:15 | Crear | Villager (Male) |
| 4:25 | Crear | Villager (Male) |
| 4:51 | Construir | House |
| 4:57 | Crear | Villager (Male) |
| 4:58 | Crear | Villager (Male) |
| 5:08 | Crear | Villager (Male) |
| 5:14 | Construir | Lumber Camp |
| 5:32 | Crear | Villager (Male) |
| 5:51 | Crear | Villager (Male) |
| 6:49 | Crear | Villager (Male) |
| 6:57 | Construir | House |
| 7:17 | Crear | Villager (Male) |
| 7:33 | Construir | House |
| 7:36 | Investigar | Loom |
| 7:43 | Construir | House |
| 7:47 | Construir | Palisade Wall |
| 7:50 | Construir | House |
| 7:57 | Crear | Villager (Male) |
| 8:17 | Crear | Villager (Male) |
| 8:22 | Construir | Palisade Wall |
| 8:31 | Construir | Mill |
| 8:39 | Crear | Villager (Male) |
| 8:56 | Crear | Villager (Male) |
| 9:17 | Construir | House |
| 9:33 | Crear | Villager (Male) |
| 9:53 | Investigar | Feudal Age |
| 11:06 | Construir | Barracks |
| 11:23 | Construir | Palisade Gate |
| 11:26 | Construir | Palisade Wall |
| 11:34 | Crear | Villager (Male) |
| 12:16 | Edad | Edad Feudal |
| 12:21 | Crear | Villager (Male) |
| 12:23 | Construir | Stable |
| 12:30 | Crear | Spearman |
| 12:43 | Investigar | Double-Bit Axe |
| 12:58 | Crear | Scout Cavalry |
| 12:58 | Crear | Scout Cavalry |
| 12:59 | Crear | Scout Cavalry |
| 13:00 | Crear | Spearman |
| 13:07 | Crear | Villager (Male) |
| 13:11 | Construir | House |
| 14:02 | Construir | Palisade Wall |
| 14:04 | Crear | Villager (Male) |
| 14:13 | Crear | Villager (Male) |
| 14:16 | Crear | Scout Cavalry |
| 14:17 | Crear | Scout Cavalry |
| 14:21 | Crear | Spearman |
| 14:26 | Construir | House |
| 14:54 | Crear | Villager (Male) |
| 14:58 | Construir | House |
| 15:12 | Crear | Villager (Male) |
| 15:20 | Crear | Scout Cavalry |
| 15:35 | Crear | Scout Cavalry |
| 16:05 | Crear | Villager (Male) |
| 16:14 | Crear | Villager (Male) |
| 16:41 | Crear | Villager (Male) |
| 16:46 | Construir | Mining Camp |
| 16:50 | Crear | Villager (Male) |
| 17:04 | Construir | Blacksmith |
| 17:34 | Construir | House |
| 17:36 | Construir | Palisade Wall |
| 17:39 | Crear | Villager (Male) |
| 17:44 | Crear | Villager (Male) |
| 17:52 | Crear | Spearman |
| 18:04 | Crear | Villager (Male) |
| 18:55 | Crear | Villager (Male) |
| 19:01 | Investigar | Scale Barding Armor |
| 19:03 | Crear | Scout Cavalry |
| 19:04 | Crear | Scout Cavalry |
| 19:12 | Construir | Stable |
| 19:18 | Crear | Spearman |
| 19:19 | Crear | Spearman |
| 19:21 | Investigar | Forging |
| 19:43 | Crear | Villager (Male) |
| 19:50 | Construir | Farm |
| 19:50 | Construir | Farm |
| 19:50 | Construir | Farm |
| 19:59 | Crear | Villager (Male) |
| 20:17 | Construir | House |
| 20:23 | Construir | House |
| 20:27 | Investigar | Scale Mail Armor |
| 20:43 | Construir | Farm |
| 20:58 | Construir | Watch Tower |
| 20:59 | Crear | Villager (Male) |
| 21:08 | Construir | Farm |
| 21:27 | Crear | Villager (Male) |
| 21:47 | Construir | House |
| 21:49 | Construir | House |
| 22:11 | Crear | Villager (Male) |
| 25:34 | Construir | Mill |
| 25:55 | Construir | Palisade Wall |
| 26:59 | Investigar | Castle Age |
| 27:59 | Investigar | Horse Collar |
| 29:39 | Edad | Edad de los Castillos |
| 29:55 | Construir | Town Center |
| 30:03 | Crear | Villager (Male) |
| 30:03 | Crear | Villager (Male) |
| 30:03 | Crear | Villager (Male) |
| 30:15 | Construir | Gate |
| 30:17 | Construir | Palisade Wall |
| 30:22 | Construir | House |
| 30:31 | Construir | Farm |
| 31:06 | Construir | Farm |
| 31:15 | Crear | Villager (Male) |
| 31:19 | Crear | Villager (Male) |
| 31:19 | Crear | Villager (Male) |
| 31:19 | Crear | Villager (Male) |
| 31:40 | Crear | Villager (Male) |
| 31:40 | Crear | Villager (Male) |
| 31:42 | Construir | Farm |
| 31:57 | Construir | Farm |
| 31:57 | Crear | Villager (Male) |
| 31:57 | Crear | Villager (Male) |
| 32:01 | Crear | Villager (Male) |
| 32:01 | Crear | Villager (Male) |
| 32:04 | Construir | Farm |
| 32:04 | Construir | Farm |
| 32:04 | Construir | Farm |
| 32:04 | Construir | Farm |
| 32:11 | Crear | Villager (Male) |
| 32:11 | Crear | Villager (Male) |
| 32:17 | Construir | Farm |
| 32:18 | Crear | Villager (Male) |
| 32:55 | Investigar | Wheelbarrow |
| 32:56 | Crear | Villager (Male) |
| 32:59 | Crear | Villager (Male) |
| 32:59 | Crear | Villager (Male) |
| 33:00 | Crear | Villager (Male) |
| 33:00 | Crear | Villager (Male) |
| 33:24 | Crear | Villager (Male) |
| 33:24 | Crear | Villager (Male) |
| 33:24 | Crear | Villager (Male) |
| 33:31 | Crear | Villager (Male) |
| 33:52 | Crear | Villager (Male) |
| 33:52 | Crear | Villager (Male) |
| 34:01 | Investigar | Town Watch |
| 34:30 | Crear | Villager (Male) |
| 34:41 | Construir | Mining Camp |
| 34:53 | Crear | Villager (Male) |
| 34:55 | Construir | Farm |
| 34:55 | Construir | Farm |
| 34:56 | Construir | Farm |
Build order — avatar_tp
Primeras 150 de 270 acciones detectadas
| 0:18 | Construir | Town Center |
| 0:29 | Construir | House |
| 2:25 | Crear | Villager (Male) |
| 2:25 | Crear | Villager (Male) |
| 2:25 | Crear | Villager (Male) |
| 2:27 | Crear | Villager (Male) |
| 2:30 | Construir | House |
| 2:43 | Construir | House |
| 2:57 | Construir | House |
| 3:10 | Construir | House |
| 3:58 | Crear | Villager (Male) |
| 4:18 | Crear | Villager (Male) |
| 4:31 | Crear | Villager (Male) |
| 4:39 | Construir | Lumber Camp |
| 4:54 | Crear | Villager (Male) |
| 5:04 | Construir | House |
| 5:28 | Construir | House |
| 5:37 | Investigar | Loom |
| 5:53 | Crear | Villager (Male) |
| 6:24 | Crear | Villager (Male) |
| 6:34 | Crear | Villager (Male) |
| 6:43 | Crear | Villager (Male) |
| 6:57 | Crear | Villager (Male) |
| 7:10 | Construir | House |
| 7:42 | Construir | Mill |
| 8:03 | Construir | House |
| 8:11 | Crear | Villager (Male) |
| 8:12 | Crear | Villager (Male) |
| 8:27 | Crear | Villager (Male) |
| 9:11 | Construir | House |
| 9:30 | Crear | Villager (Male) |
| 9:31 | Crear | Villager (Male) |
| 9:34 | Crear | Villager (Male) |
| 10:25 | Crear | Villager (Male) |
| 10:26 | Investigar | Feudal Age |
| 11:37 | Crear | Villager (Male) |
| 11:38 | Crear | Villager (Male) |
| 13:20 | Edad | Edad Feudal |
| 13:24 | Construir | Market |
| 13:27 | Construir | Blacksmith |
| 13:41 | Investigar | Double-Bit Axe |
| 14:19 | Investigar | Castle Age |
| 14:54 | Construir | Mining Camp |
| 16:23 | Construir | House |
| 16:32 | Construir | Palisade Wall |
| 16:47 | Construir | Palisade Wall |
| 16:59 | Edad | Edad de los Castillos |
| 17:03 | Construir | Palisade Wall |
| 17:04 | Crear | Villager (Male) |
| 17:43 | Construir | Castle |
| 17:53 | Crear | Villager (Male) |
| 17:54 | Crear | Villager (Male) |
| 18:23 | Crear | Villager (Male) |
| 18:33 | Crear | Villager (Male) |
| 18:44 | Investigar | Fletching |
| 19:00 | Crear | Jaguar Warrior |
| 19:00 | Crear | Jaguar Warrior |
| 19:10 | Construir | House |
| 19:11 | Construir | Palisade Wall |
| 19:13 | Crear | Jaguar Warrior |
| 19:34 | Crear | Villager (Male) |
| 19:37 | Crear | Jaguar Warrior |
| 19:59 | Construir | Town Center |
| 20:24 | Crear | Villager (Male) |
| 20:58 | Crear | Villager (Male) |
| 21:07 | Crear | Jaguar Warrior |
| 21:27 | Crear | Villager (Male) |
| 21:38 | Crear | Villager (Male) |
| 21:43 | Construir | Farm |
| 21:44 | Construir | Farm |
| 21:44 | Construir | Farm |
| 21:44 | Construir | Farm |
| 22:08 | Construir | Monastery |
| 22:15 | Construir | Monastery |
| 22:21 | Crear | Villager (Male) ×2 |
| 22:42 | Crear | Monk |
| 22:47 | Construir | Stone Wall |
| 22:58 | Crear | Monk |
| 23:04 | Construir | Palisade Wall |
| 23:10 | Crear | Villager (Male) ×3 |
| 23:17 | Construir | Farm |
| 23:27 | Crear | Monk |
| 23:41 | Crear | Villager (Male) |
| 23:50 | Investigar | Sanctity |
| 24:08 | Investigar | Fervor |
| 24:10 | Crear | Villager (Male) |
| 24:21 | Crear | Monk |
| 24:37 | Crear | Villager (Male) |
| 24:41 | Construir | Farm |
| 24:41 | Construir | Farm |
| 24:54 | Construir | House |
| 24:56 | Construir | Palisade Wall |
| 24:57 | Construir | Palisade Wall |
| 25:12 | Crear | Monk |
| 25:14 | Crear | Villager (Male) ×2 |
| 25:42 | Construir | Barracks |
| 25:52 | Construir | Farm |
| 25:57 | Construir | Farm |
| 25:59 | Construir | Farm |
| 26:09 | Crear | Villager (Male) ×5 |
| 26:13 | Construir | Farm |
| 26:23 | Crear | Spearman |
| 26:24 | Crear | Militia |
| 26:32 | Construir | Barracks |
| 26:34 | Crear | Jaguar Warrior |
| 26:38 | Crear | Spearman |
| 26:54 | Investigar | Horse Collar |
| 27:05 | Crear | Jaguar Warrior |
| 27:08 | Crear | Spearman |
| 27:09 | Crear | Spearman |
| 27:36 | Investigar | Pikeman (upgrade) |
| 27:38 | Investigar | Squires |
| 27:43 | Crear | Spearman |
| 27:54 | Crear | Villager (Male) ×3 |
| 28:23 | Construir | Castle |
| 28:38 | Crear | Jaguar Warrior |
| 28:39 | Crear | Spearman |
| 28:40 | Crear | Spearman |
| 28:47 | Crear | Jaguar Warrior |
| 28:49 | Crear | Spearman |
| 29:11 | Crear | Jaguar Warrior |
| 29:13 | Crear | Villager (Male) ×3 |
| 29:19 | Construir | House |
| 29:38 | Construir | Town Center |
| 29:43 | Construir | Mining Camp |
| 29:45 | Crear | Villager (Male) ×2 |
| 30:06 | Crear | Spearman |
| 30:06 | Crear | Spearman |
| 30:12 | Crear | Villager (Male) |
| 30:36 | Construir | Mill |
| 30:37 | Construir | Farm |
| 30:37 | Construir | Farm |
| 30:38 | Construir | Farm |
| 30:41 | Construir | Farm |
| 30:44 | Crear | Villager (Male) ×3 |
| 31:12 | Construir | Siege Workshop |
| 31:15 | Crear | Spearman |
| 31:15 | Crear | Spearman |
| 31:24 | Construir | Farm |
| 31:28 | Crear | Villager (Male) |
| 31:42 | Construir | Lumber Camp |
| 31:44 | Construir | Farm |
| 31:44 | Construir | Farm |
| 31:45 | Construir | Farm |
| 31:45 | Construir | Farm |
| 31:48 | Crear | Villager (Male) |
| 31:54 | Construir | Farm |
| 31:54 | Construir | Farm |
| 31:54 | Construir | Farm |
| 31:55 | Construir | Farm |
Build order — MotomilitiA
Primeras 150 de 281 acciones detectadas
| 0:04 | Construir | House |
| 0:50 | Construir | Town Center |
| 2:55 | Crear | Villager (Male) |
| 2:55 | Crear | Villager (Male) |
| 2:56 | Crear | Villager (Male) |
| 4:11 | Crear | Villager (Male) |
| 4:11 | Crear | Villager (Male) |
| 4:12 | Crear | Villager (Male) |
| 4:12 | Crear | Villager (Male) |
| 4:36 | Construir | House |
| 5:00 | Crear | Villager (Male) |
| 5:00 | Crear | Villager (Male) |
| 5:00 | Crear | Villager (Male) |
| 5:00 | Crear | Villager (Male) |
| 5:33 | Construir | Lumber Camp |
| 6:13 | Crear | Villager (Male) |
| 6:13 | Crear | Villager (Male) |
| 6:14 | Crear | Villager (Male) |
| 6:48 | Crear | Villager (Male) |
| 6:48 | Crear | Villager (Male) |
| 6:49 | Crear | Villager (Male) |
| 6:49 | Crear | Villager (Male) |
| 7:28 | Crear | Villager (Male) |
| 7:28 | Crear | Villager (Male) |
| 7:29 | Crear | Villager (Male) |
| 7:37 | Construir | House |
| 8:28 | Crear | Villager (Male) |
| 8:28 | Crear | Villager (Male) |
| 8:38 | Construir | Mill |
| 9:15 | Construir | House |
| 9:23 | Crear | Villager (Male) |
| 10:26 | Investigar | Feudal Age |
| 10:26 | Investigar | Feudal Age |
| 10:59 | Construir | Barracks |
| 11:11 | Crear | Villager (Male) |
| 11:12 | Crear | Villager (Male) |
| 11:26 | Construir | Outpost |
| 11:41 | Construir | House |
| 11:45 | Construir | Palisade Wall |
| 11:46 | Construir | Palisade Wall |
| 12:36 | Edad | Edad Feudal |
| 12:53 | Investigar | Double-Bit Axe |
| 12:56 | Crear | Villager (Male) |
| 12:57 | Crear | Villager (Male) |
| 13:38 | Crear | Spearman |
| 14:02 | Construir | House |
| 14:09 | Investigar | Loom |
| 14:10 | Crear | Villager (Male) |
| 14:10 | Crear | Villager (Male) |
| 14:16 | Construir | Stable |
| 14:24 | Construir | Palisade Wall |
| 14:25 | Construir | Palisade Wall |
| 14:25 | Construir | Palisade Wall |
| 14:27 | Construir | Palisade Wall |
| 14:28 | Construir | Palisade Wall |
| 14:28 | Construir | Palisade Wall |
| 14:30 | Construir | Palisade Wall |
| 14:31 | Construir | Palisade Wall |
| 14:58 | Crear | Villager (Male) |
| 15:13 | Crear | Scout Cavalry |
| 15:13 | Crear | Scout Cavalry |
| 15:14 | Crear | Scout Cavalry |
| 15:35 | Crear | Villager (Male) |
| 15:35 | Crear | Villager (Male) |
| 15:46 | Construir | Mining Camp |
| 16:12 | Crear | Scout Cavalry |
| 16:20 | Construir | House |
| 16:27 | Crear | Villager (Male) |
| 16:28 | Crear | Villager (Male) |
| 16:35 | Construir | Farm |
| 16:35 | Construir | Farm |
| 16:46 | Investigar | Bloodlines |
| 16:47 | Crear | Scout Cavalry |
| 16:53 | Construir | House |
| 16:55 | Construir | House |
| 16:57 | Construir | House |
| 17:03 | Construir | Blacksmith |
| 17:12 | Crear | Villager (Male) |
| 17:16 | Crear | Scout Cavalry |
| 17:16 | Crear | Scout Cavalry |
| 18:03 | Crear | Villager (Male) |
| 18:03 | Crear | Villager (Male) |
| 18:14 | Construir | Mining Camp |
| 18:33 | Construir | Stone Wall |
| 18:39 | Construir | Stone Wall |
| 18:40 | Construir | Stone Wall |
| 18:41 | Construir | Stone Wall |
| 18:43 | Construir | Stone Wall |
| 18:44 | Construir | Stone Wall |
| 18:45 | Construir | Stone Wall |
| 18:46 | Construir | Stone Wall |
| 18:48 | Construir | Stone Wall |
| 18:49 | Construir | Stone Wall |
| 19:00 | Construir | Stone Wall |
| 19:00 | Construir | Stone Wall |
| 19:02 | Construir | Stone Wall |
| 19:21 | Crear | Villager (Male) |
| 19:21 | Crear | Villager (Male) |
| 19:21 | Crear | Villager (Male) |
| 19:34 | Construir | Farm |
| 19:34 | Construir | Farm |
| 19:35 | Construir | Farm |
| 19:35 | Construir | Farm |
| 19:40 | Construir | Stone Wall |
| 19:43 | Construir | Stone Wall |
| 19:45 | Construir | Stone Wall |
| 20:02 | Construir | House |
| 20:04 | Construir | House |
| 20:08 | Construir | House |
| 20:11 | Construir | House |
| 20:38 | Investigar | Wheelbarrow |
| 20:47 | Construir | Mill |
| 20:48 | Construir | Farm |
| 20:48 | Construir | Farm |
| 20:48 | Construir | Farm |
| 20:49 | Construir | Farm |
| 20:49 | Construir | Farm |
| 20:49 | Construir | Farm |
| 21:24 | Crear | Scout Cavalry |
| 21:24 | Crear | Scout Cavalry |
| 21:53 | Crear | Villager (Male) |
| 21:53 | Crear | Villager (Male) |
| 22:47 | Construir | Farm |
| 22:47 | Construir | Farm |
| 22:59 | Construir | House |
| 23:06 | Crear | Villager (Male) |
| 23:06 | Crear | Villager (Male) |
| 23:16 | Construir | House |
| 23:19 | Construir | House |
| 23:40 | Construir | Mill |
| 23:50 | Crear | Villager (Male) |
| 23:50 | Crear | Villager (Male) |
| 24:08 | Construir | Farm |
| 24:08 | Construir | Farm |
| 24:09 | Construir | Farm |
| 24:17 | Construir | Market |
| 24:54 | Crear | Villager (Male) |
| 24:54 | Crear | Villager (Male) |
| 24:54 | Crear | Villager (Male) |
| 24:55 | Crear | Villager (Male) |
| 25:01 | Construir | Mill |
| 25:02 | Construir | Farm |
| 25:03 | Construir | Farm |
| 25:03 | Construir | Farm |
| 25:03 | Construir | Farm |
| 25:03 | Construir | Farm |
| 25:39 | Construir | House |
| 25:42 | Construir | House |
| 25:52 | Crear | Villager (Male) |
| 26:32 | Investigar | Castle Age |
Build order — |FMG| Nadie
Primeras 150 de 449 acciones detectadas
| 0:13 | Construir | Town Center |
| 2:39 | Crear | Villager (Male) |
| 2:39 | Crear | Villager (Male) |
| 2:45 | Construir | House |
| 2:47 | Construir | House |
| 3:09 | Crear | Villager (Male) |
| 3:19 | Crear | Villager (Male) |
| 3:40 | Crear | Villager (Male) |
| 4:21 | Crear | Villager (Male) |
| 4:44 | Crear | Villager (Male) |
| 4:48 | Construir | Lumber Camp |
| 4:54 | Crear | Villager (Male) |
| 5:39 | Construir | House |
| 5:46 | Crear | Villager (Male) |
| 6:01 | Construir | House |
| 6:30 | Crear | Villager (Male) |
| 6:30 | Crear | Villager (Male) |
| 7:00 | Crear | Villager (Male) |
| 7:23 | Crear | Villager (Male) |
| 7:27 | Construir | Dock |
| 7:37 | Crear | Villager (Male) |
| 8:04 | Crear | Fishing Ship |
| 8:07 | Crear | Villager (Male) |
| 8:34 | Construir | House |
| 8:41 | Crear | Fishing Ship |
| 8:49 | Crear | Villager (Male) |
| 8:59 | Construir | House |
| 9:05 | Crear | Villager (Male) |
| 9:21 | Crear | Villager (Male) |
| 9:43 | Crear | Fishing Ship |
| 9:49 | Crear | Fishing Ship |
| 9:52 | Crear | Villager (Male) |
| 10:28 | Construir | House |
| 10:33 | Crear | Villager (Male) |
| 10:38 | Investigar | Loom |
| 10:41 | Construir | Mill |
| 10:43 | Construir | House |
| 10:55 | Construir | House |
| 11:04 | Crear | Villager (Male) |
| 11:09 | Crear | Villager (Male) |
| 11:33 | Crear | Villager (Male) |
| 11:36 | Construir | House |
| 11:41 | Construir | Palisade Wall |
| 11:42 | Construir | Palisade Wall |
| 11:46 | Construir | Palisade Wall |
| 11:54 | Crear | Fishing Ship |
| 11:59 | Crear | Villager (Male) |
| 12:25 | Investigar | Feudal Age |
| 12:43 | Crear | Fishing Ship |
| 13:31 | Crear | Fishing Ship |
| 14:35 | Edad | Edad Feudal |
| 14:38 | Construir | Market |
| 14:41 | Construir | Blacksmith |
| 14:42 | Construir | Palisade Wall |
| 14:45 | Crear | Villager (Male) |
| 14:45 | Crear | Villager (Male) |
| 14:48 | Investigar | Double-Bit Axe |
| 15:04 | Construir | House |
| 15:34 | Investigar | Castle Age |
| 16:04 | Investigar | Tech 906 |
| 16:05 | Investigar | Tech 906 |
| 16:17 | Construir | Barracks |
| 16:25 | Investigar | Scale Barding Armor |
| 17:00 | Construir | Dock |
| 17:14 | Construir | Stable |
| 17:25 | Investigar | Forging |
| 18:15 | Edad | Edad de los Castillos |
| 18:16 | Crear | Knight |
| 18:17 | Crear | Knight |
| 18:18 | Crear | Villager (Male) |
| 18:21 | Construir | Town Center |
| 18:31 | Crear | Villager (Male) |
| 18:38 | Crear | Knight |
| 19:05 | Crear | Knight |
| 19:06 | Crear | Villager (Male) |
| 19:23 | Crear | Villager (Male) |
| 19:29 | Construir | House |
| 19:30 | Construir | House |
| 19:41 | Crear | Villager (Male) |
| 20:01 | Crear | Knight |
| 20:20 | Crear | Villager (Male) |
| 20:23 | Crear | Villager (Male) |
| 20:40 | Construir | Monastery |
| 20:41 | Crear | Villager (Male) |
| 20:45 | Crear | Villager (Male) |
| 21:05 | Crear | Knight |
| 21:13 | Construir | Town Center |
| 21:20 | Construir | Town Center |
| 21:23 | Crear | Villager (Male) |
| 21:24 | Crear | Knight |
| 21:26 | Crear | Monk |
| 21:44 | Crear | Knight |
| 22:01 | Crear | Villager (Male) |
| 22:05 | Crear | Villager (Male) |
| 22:09 | Construir | Lumber Camp |
| 22:15 | Crear | Villager (Male) |
| 22:22 | Crear | Monk |
| 22:29 | Construir | House |
| 22:30 | Construir | House |
| 22:32 | Crear | Villager (Male) |
| 22:37 | Crear | Villager (Male) |
| 22:41 | Construir | Lumber Camp |
| 22:43 | Crear | Villager (Male) |
| 23:06 | Crear | Monk |
| 23:12 | Crear | Villager (Male) |
| 23:12 | Crear | Villager (Male) |
| 23:15 | Construir | Fish Trap |
| 23:17 | Construir | Fish Trap |
| 23:20 | Crear | Villager (Male) |
| 23:23 | Crear | Villager (Male) |
| 23:24 | Crear | Knight |
| 23:45 | Construir | Fish Trap |
| 23:47 | Construir | Fish Trap |
| 23:48 | Crear | Villager (Male) |
| 23:53 | Construir | Fish Trap |
| 23:54 | Construir | Fish Trap |
| 23:55 | Construir | Fish Trap |
| 24:08 | Crear | Villager (Male) |
| 24:08 | Crear | Villager (Male) |
| 24:23 | Crear | Knight |
| 24:24 | Crear | Villager (Male) |
| 24:35 | Crear | Knight |
| 24:39 | Construir | Stable |
| 24:42 | Construir | Farm |
| 24:42 | Construir | Farm |
| 24:42 | Construir | Farm |
| 24:43 | Construir | Farm |
| 24:43 | Construir | Farm |
| 24:43 | Construir | Farm |
| 24:44 | Construir | Farm |
| 24:44 | Construir | Farm |
| 24:44 | Construir | Farm |
| 25:06 | Crear | Villager (Male) |
| 25:10 | Crear | Villager (Male) |
| 25:10 | Crear | Villager (Male) |
| 25:13 | Construir | Farm |
| 25:24 | Crear | Villager (Male) |
| 25:26 | Construir | House |
| 25:28 | Crear | Villager (Male) |
| 25:32 | Construir | Fish Trap |
| 25:35 | Construir | Fish Trap |
| 25:55 | Crear | Villager (Male) |
| 26:08 | Crear | Villager (Male) |
| 26:13 | Construir | Farm |
| 26:14 | Construir | Farm |
| 26:14 | Construir | Farm |
| 26:14 | Construir | Farm |
| 26:15 | Construir | Farm |
| 26:15 | Construir | Farm |
| 26:15 | Construir | Farm |
Build order — No[☠]Fate
Primeras 150 de 450 acciones detectadas
| 0:11 | Construir | Town Center |
| 2:34 | Construir | House |
| 2:39 | Crear | Villager (Male) |
| 2:39 | Crear | Villager (Male) |
| 2:40 | Crear | Villager (Male) |
| 2:40 | Crear | Villager (Male) |
| 2:41 | Crear | Villager (Male) |
| 2:41 | Crear | Villager (Male) |
| 3:53 | Crear | Villager (Male) |
| 3:53 | Crear | Villager (Male) |
| 3:58 | Construir | House |
| 4:23 | Crear | Villager (Male) |
| 4:23 | Crear | Villager (Male) |
| 4:50 | Construir | Lumber Camp |
| 4:56 | Crear | Villager (Male) |
| 4:56 | Crear | Villager (Male) |
| 5:07 | Crear | Villager (Male) |
| 5:08 | Crear | Villager (Male) |
| 5:23 | Crear | Villager (Male) |
| 5:23 | Crear | Villager (Male) |
| 5:23 | Crear | Villager (Male) |
| 5:37 | Crear | Villager (Male) |
| 6:02 | Crear | Villager (Male) |
| 6:19 | Crear | Villager (Male) |
| 6:42 | Crear | Villager (Male) |
| 6:42 | Crear | Villager (Male) |
| 7:02 | Construir | House |
| 7:07 | Crear | Villager (Male) |
| 7:07 | Crear | Villager (Male) |
| 7:07 | Crear | Villager (Male) |
| 7:34 | Construir | Mill |
| 7:41 | Crear | Villager (Male) |
| 7:43 | Crear | Villager (Male) |
| 7:43 | Crear | Villager (Male) |
| 7:43 | Crear | Villager (Male) |
| 8:09 | Crear | Villager (Male) |
| 8:10 | Crear | Villager (Male) |
| 8:13 | Construir | House |
| 8:30 | Crear | Villager (Male) |
| 8:31 | Crear | Villager (Male) |
| 8:31 | Crear | Villager (Male) |
| 8:31 | Crear | Villager (Male) |
| 8:43 | Crear | Villager (Male) |
| 8:56 | Crear | Villager (Male) |
| 9:04 | Crear | Villager (Male) |
| 9:44 | Construir | Mining Camp |
| 9:47 | Crear | Villager (Male) |
| 9:48 | Investigar | Loom |
| 10:26 | Investigar | Feudal Age |
| 11:22 | Construir | Palisade Wall |
| 11:27 | Construir | House |
| 11:43 | Construir | House |
| 12:18 | Crear | Villager (Male) |
| 12:19 | Crear | Villager (Male) |
| 12:51 | Construir | House |
| 13:34 | Edad | Edad Feudal |
| 13:38 | Construir | Market |
| 13:40 | Construir | Blacksmith |
| 14:01 | Construir | House |
| 14:14 | Construir | House |
| 14:24 | Construir | House |
| 14:31 | Investigar | Castle Age |
| 14:31 | Investigar | Castle Age |
| 14:31 | Investigar | Castle Age |
| 15:02 | Investigar | Double-Bit Axe |
| 15:05 | Investigar | Horse Collar |
| 16:17 | Construir | Mining Camp |
| 16:25 | Construir | Mill |
| 16:30 | Crear | Villager (Male) |
| 17:11 | Edad | Edad de los Castillos |
| 17:14 | Construir | Castle |
| 17:16 | Crear | Villager (Male) |
| 17:25 | Crear | Villager (Male) |
| 17:54 | Crear | Villager (Male) |
| 18:01 | Investigar | Bow Saw |
| 18:05 | Crear | Magyar Huszar |
| 18:05 | Crear | Magyar Huszar |
| 18:06 | Crear | Magyar Huszar |
| 18:32 | Crear | Magyar Huszar |
| 18:32 | Crear | Magyar Huszar |
| 18:32 | Crear | Magyar Huszar |
| 18:32 | Crear | Magyar Huszar |
| 18:43 | Crear | Villager (Male) |
| 18:58 | Investigar | Scale Barding Armor |
| 19:03 | Crear | Magyar Huszar |
| 19:03 | Crear | Magyar Huszar |
| 19:03 | Crear | Magyar Huszar |
| 19:03 | Crear | Magyar Huszar |
| 19:09 | Crear | Villager (Male) |
| 19:32 | Crear | Magyar Huszar |
| 19:32 | Crear | Magyar Huszar |
| 19:32 | Crear | Magyar Huszar |
| 19:32 | Crear | Magyar Huszar |
| 19:32 | Crear | Magyar Huszar |
| 19:54 | Crear | Magyar Huszar |
| 19:54 | Crear | Magyar Huszar |
| 19:55 | Crear | Magyar Huszar |
| 19:55 | Crear | Magyar Huszar |
| 20:04 | Crear | Magyar Huszar |
| 20:04 | Crear | Magyar Huszar |
| 20:04 | Crear | Magyar Huszar |
| 20:04 | Crear | Magyar Huszar |
| 20:11 | Crear | Villager (Male) |
| 20:12 | Crear | Villager (Male) |
| 20:21 | Crear | Magyar Huszar |
| 20:22 | Crear | Magyar Huszar |
| 20:28 | Crear | Villager (Male) |
| 20:37 | Construir | Town Center |
| 20:41 | Crear | Magyar Huszar |
| 20:41 | Crear | Magyar Huszar |
| 20:46 | Crear | Villager (Male) |
| 20:48 | Construir | House |
| 20:53 | Crear | Magyar Huszar |
| 20:53 | Crear | Magyar Huszar |
| 20:54 | Crear | Magyar Huszar |
| 20:56 | Crear | Magyar Huszar |
| 20:56 | Crear | Magyar Huszar |
| 21:28 | Crear | Magyar Huszar |
| 21:28 | Crear | Magyar Huszar |
| 21:38 | Crear | Magyar Huszar |
| 21:39 | Crear | Magyar Huszar |
| 21:58 | Crear | Magyar Huszar |
| 22:06 | Crear | Magyar Huszar |
| 22:12 | Crear | Magyar Huszar |
| 22:22 | Crear | Magyar Huszar |
| 22:23 | Crear | Magyar Huszar |
| 22:39 | Crear | Magyar Huszar |
| 22:47 | Crear | Villager (Male) |
| 22:48 | Crear | Magyar Huszar |
| 22:49 | Crear | Magyar Huszar |
| 23:07 | Crear | Magyar Huszar |
| 23:08 | Crear | Magyar Huszar |
| 23:14 | Construir | Mill |
| 23:19 | Crear | Magyar Huszar |
| 23:19 | Crear | Magyar Huszar |
| 23:27 | Crear | Villager (Male) |
| 23:27 | Crear | Villager (Male) |
| 24:01 | Crear | Villager (Male) |
| 24:01 | Crear | Villager (Male) |
| 24:01 | Crear | Villager (Male) |
| 24:05 | Construir | Farm |
| 24:06 | Construir | Farm |
| 24:17 | Crear | Villager (Male) |
| 24:17 | Crear | Villager (Male) |
| 24:32 | Crear | Villager (Male) |
| 24:42 | Crear | Magyar Huszar |
| 24:42 | Crear | Magyar Huszar |
| 24:55 | Crear | Villager (Male) |
| 24:55 | Crear | Villager (Male) |
| 24:57 | Construir | Farm |
Build order — FMG | Sawasha Takohida
Primeras 150 de 370 acciones detectadas
| 0:15 | Construir | Town Center |
| 2:28 | Construir | House |
| 2:38 | Construir | House |
| 2:43 | Crear | Villager (Male) |
| 2:43 | Crear | Villager (Male) |
| 2:43 | Crear | Villager (Male) |
| 3:38 | Crear | Villager (Male) |
| 4:15 | Crear | Villager (Male) |
| 4:16 | Crear | Villager (Male) |
| 4:16 | Crear | Villager (Male) |
| 4:30 | Construir | House |
| 5:05 | Crear | Villager (Male) |
| 5:09 | Crear | Villager (Male) |
| 5:35 | Construir | Lumber Camp |
| 5:38 | Construir | House |
| 5:44 | Crear | Villager (Male) |
| 5:58 | Crear | Villager (Male) |
| 6:29 | Construir | House |
| 6:39 | Crear | Villager (Male) |
| 7:03 | Construir | Palisade Wall |
| 7:06 | Crear | Villager (Male) |
| 7:07 | Crear | Villager (Male) |
| 7:07 | Crear | Villager (Male) |
| 7:08 | Crear | Villager (Male) |
| 7:08 | Crear | Villager (Male) |
| 7:37 | Construir | Palisade Wall |
| 7:39 | Construir | House |
| 8:06 | Construir | Palisade Wall |
| 8:18 | Crear | Villager (Male) |
| 8:21 | Crear | Villager (Male) |
| 8:35 | Construir | House |
| 8:48 | Construir | House |
| 8:55 | Crear | Villager (Male) |
| 8:57 | Construir | Mill |
| 9:01 | Construir | House |
| 9:07 | Construir | Palisade Wall |
| 9:11 | Construir | House |
| 9:31 | Crear | Villager (Male) |
| 9:51 | Construir | Palisade Gate |
| 9:52 | Construir | Palisade Wall |
| 10:21 | Construir | Mining Camp |
| 10:36 | Investigar | Feudal Age |
| 11:30 | Construir | Palisade Wall |
| 11:57 | Construir | Palisade Wall |
| 12:30 | Investigar | Loom |
| 12:42 | Construir | Palisade Wall |
| 12:49 | Edad | Edad Feudal |
| 12:53 | Construir | Market |
| 13:01 | Construir | Blacksmith |
| 13:23 | Crear | Villager (Male) |
| 13:25 | Construir | House |
| 14:11 | Investigar | Castle Age |
| 14:11 | Investigar | Castle Age |
| 14:55 | Investigar | Double-Bit Axe |
| 14:58 | Investigar | Gold Mining |
| 15:27 | Construir | House |
| 15:48 | Crear | Villager (Male) |
| 16:24 | Construir | Palisade Wall |
| 16:32 | Crear | Villager (Male) |
| 16:37 | Construir | Palisade Wall |
| 16:44 | Crear | Villager (Male) |
| 16:51 | Edad | Edad de los Castillos |
| 17:04 | Construir | Castle |
| 17:10 | Construir | Palisade Wall |
| 17:31 | Construir | Palisade Wall |
| 17:32 | Construir | Palisade Wall |
| 17:34 | Construir | Palisade Wall |
| 17:37 | Construir | Palisade Wall |
| 18:05 | Construir | Town Center |
| 18:26 | Crear | Villager (Male) |
| 18:31 | Crear | Plumed Archer |
| 18:31 | Crear | Plumed Archer |
| 18:32 | Crear | Plumed Archer |
| 18:39 | Crear | Villager (Male) |
| 18:39 | Crear | Plumed Archer |
| 19:00 | Crear | Plumed Archer |
| 19:00 | Crear | Plumed Archer |
| 19:01 | Crear | Villager (Male) |
| 19:06 | Crear | Villager (Male) |
| 19:28 | Investigar | Fletching |
| 19:37 | Crear | Villager (Male) |
| 19:52 | Crear | Plumed Archer |
| 19:52 | Crear | Plumed Archer |
| 19:57 | Crear | Villager (Male) |
| 20:09 | Crear | Villager (Male) |
| 20:13 | Crear | Villager (Male) |
| 20:21 | Crear | Villager (Male) |
| 20:21 | Crear | Villager (Male) |
| 20:36 | Crear | Villager (Male) |
| 20:51 | Crear | Villager (Male) |
| 20:54 | Crear | Villager (Male) |
| 20:55 | Crear | Plumed Archer |
| 21:01 | Crear | Plumed Archer |
| 21:01 | Crear | Plumed Archer |
| 21:27 | Crear | Villager (Male) |
| 21:35 | Crear | Villager (Male) |
| 21:36 | Crear | Villager (Male) |
| 21:42 | Crear | Villager (Male) |
| 21:45 | Construir | Farm |
| 21:46 | Construir | Farm |
| 21:46 | Construir | Farm |
| 21:46 | Construir | Farm |
| 22:05 | Crear | Plumed Archer |
| 22:26 | Crear | Plumed Archer |
| 22:26 | Crear | Villager (Male) |
| 22:32 | Construir | Farm |
| 22:32 | Construir | Farm |
| 22:32 | Construir | Farm |
| 22:32 | Construir | Farm |
| 22:33 | Construir | Farm |
| 22:33 | Construir | Farm |
| 22:34 | Construir | Farm |
| 22:34 | Construir | Farm |
| 22:38 | Crear | Villager (Male) |
| 22:39 | Crear | Plumed Archer |
| 22:51 | Crear | Villager (Male) |
| 23:09 | Crear | Villager (Male) |
| 23:10 | Crear | Villager (Male) |
| 23:10 | Crear | Villager (Male) |
| 23:14 | Construir | House |
| 23:29 | Crear | Villager (Male) |
| 23:43 | Construir | Town Center |
| 23:57 | Crear | Villager (Male) |
| 24:08 | Construir | Mill |
| 24:16 | Crear | Villager (Male) |
| 24:18 | Crear | Villager (Male) |
| 24:24 | Crear | Villager (Male) |
| 24:25 | Construir | House |
| 24:32 | Construir | House |
| 24:33 | Construir | House |
| 24:45 | Investigar | Bodkin Arrow |
| 24:51 | Crear | Plumed Archer |
| 24:51 | Crear | Plumed Archer |
| 24:53 | Construir | House |
| 24:54 | Construir | House |
| 24:59 | Crear | Villager (Male) |
| 25:01 | Crear | Villager (Male) |
| 25:09 | Crear | Plumed Archer |
| 25:10 | Crear | Villager (Male) |
| 25:49 | Investigar | Padded Archer Armor |
| 25:50 | Crear | Villager (Male) |
| 25:53 | Crear | Villager (Male) |
| 25:54 | Crear | Villager (Male) |
| 25:55 | Crear | Villager (Male) |
| 26:01 | Crear | Plumed Archer |
| 26:07 | Construir | University |
| 26:07 | Crear | Villager (Male) |
| 26:12 | Construir | House |
| 26:21 | Crear | Villager (Male) |
| 26:42 | Crear | Plumed Archer |
Cronología de la partida
| 7:03 | FMG | Sawasha Takohida · wall_segment Palisade Wall x4 |
| 7:27 | |FMG| Nadie · first_building Dock |
| 7:37 | FMG | Sawasha Takohida · wall_segment Palisade Wall x1 |
| 7:47 | |FMG| pablomac12 · wall_segment Palisade Wall x1 |
| 8:06 | FMG | Sawasha Takohida · wall_segment Palisade Wall x5 |
| 8:22 | |FMG| pablomac12 · wall_segment Palisade Wall x1 |
| 9:07 | FMG | Sawasha Takohida · wall_segment Palisade Wall x4 |
| 9:52 | FMG | Sawasha Takohida · wall_segment Palisade Wall x1 |
| 10:14 | Fluffy Dust · first_building Barracks |
| 10:59 | MotomilitiA · first_building Barracks |
| 11:06 | |FMG| pablomac12 · first_building Barracks |
| 11:10 | Fluffy Dust · age_up feudal |
| 11:14 | Fluffy Dust · first_building Stable |
| 11:22 | No[☠]Fate · wall_segment Palisade Wall x1 |
| 11:26 | |FMG| pablomac12 · wall_segment Palisade Wall x5 |
| 11:30 | FMG | Sawasha Takohida · wall_segment Palisade Wall x2 |
| 11:41 | |FMG| Nadie · wall_segment Palisade Wall x3 |
| 11:42 | |FMG| Nadie · wall_segment Palisade Wall x1 |
| 11:45 | MotomilitiA · wall_segment Palisade Wall x1 |
| 11:46 | MotomilitiA · wall_segment Palisade Wall x1 |
| 11:46 | |FMG| Nadie · wall_segment Palisade Wall x2 |
| 11:48 | Fluffy Dust · wall_segment Palisade Wall x5 |
| 11:57 | FMG | Rxon · first_building Barracks |
| 11:57 | FMG | Sawasha Takohida · wall_segment Palisade Wall x4 |
| 12:16 | |FMG| pablomac12 · age_up feudal |
| 12:23 | |FMG| pablomac12 · first_building Stable |
| 12:35 | FMG | Rxon · age_up feudal |
| 12:36 | MotomilitiA · age_up feudal |
| 12:42 | FMG | Sawasha Takohida · wall_segment Palisade Wall x1 |
| 12:49 | FMG | Sawasha Takohida · age_up feudal |
| 13:20 | avatar_tp · age_up feudal |
| 13:34 | No[☠]Fate · age_up feudal |
| 13:43 | FMG | Rxon · wall_segment Palisade Wall x6 |
| 14:01 | Fluffy Dust · first_building Archery Range |
| 14:02 | |FMG| pablomac12 · wall_segment Palisade Wall x1 |
| 14:04 | FMG | Rxon · wall_segment Palisade Wall x1 |
| 14:16 | MotomilitiA · first_building Stable |
| 14:18 | avatar_tp · first_market_sell 100 food |
| 14:24 | MotomilitiA · wall_segment Palisade Wall x1 |
| 14:25 | MotomilitiA · wall_segment Palisade Wall x1 |
| 14:25 | MotomilitiA · wall_segment Palisade Wall x1 |
| 14:27 | MotomilitiA · wall_segment Palisade Wall x1 |
| 14:28 | MotomilitiA · wall_segment Palisade Wall x1 |
| 14:28 | MotomilitiA · wall_segment Palisade Wall x1 |
| 14:29 | No[☠]Fate · first_market_sell 100 stone |
| 14:30 | MotomilitiA · wall_segment Palisade Wall x1 |
| 14:31 | MotomilitiA · wall_segment Palisade Wall x1 |
| 14:35 | |FMG| Nadie · age_up feudal |
| 14:42 | |FMG| Nadie · wall_segment Palisade Wall x1 |
| 16:08 | FMG | Rxon · age_up castle |
| 16:16 | FMG | Rxon · first_building Monastery |
| 16:17 | |FMG| Nadie · first_building Barracks |
| 16:23 | |FMG| Nadie · first_market_buy 100 food |
| 16:24 | FMG | Sawasha Takohida · wall_segment Palisade Wall x2 |
| 16:32 | avatar_tp · wall_segment Palisade Wall x9 |
| 16:37 | FMG | Sawasha Takohida · wall_segment Palisade Wall x2 |
| 16:47 | avatar_tp · wall_segment Palisade Wall x4 |
| 16:47 | FMG | Rxon · first_building Castle |
| 16:51 | FMG | Sawasha Takohida · age_up castle |
| 16:59 | avatar_tp · age_up castle |
| 17:03 | avatar_tp · wall_segment Palisade Wall x12 |
| 17:04 | FMG | Sawasha Takohida · first_building Castle |
| 17:10 | FMG | Sawasha Takohida · wall_segment Palisade Wall x2 |
| 17:11 | No[☠]Fate · age_up castle |
| 17:11 | avatar_tp · first_market_buy 100 stone |
| 17:14 | |FMG| Nadie · first_building Stable |
| 17:14 | No[☠]Fate · first_building Castle |
| 17:31 | FMG | Sawasha Takohida · wall_segment Palisade Wall x1 |
| 17:32 | FMG | Sawasha Takohida · wall_segment Palisade Wall x1 |
| 17:34 | FMG | Sawasha Takohida · wall_segment Palisade Wall x1 |
| 17:36 | |FMG| pablomac12 · wall_segment Palisade Wall x1 |
| 17:37 | FMG | Sawasha Takohida · wall_segment Palisade Wall x1 |
| 17:43 | avatar_tp · first_building Castle |
| 18:15 | |FMG| Nadie · age_up castle |
| 18:25 | FMG | Sawasha Takohida · first_market_buy 100 food |
| 18:33 | MotomilitiA · wall_segment Stone Wall x4 |
| 18:39 | MotomilitiA · wall_segment Stone Wall x1 |
| 18:40 | MotomilitiA · wall_segment Stone Wall x1 |
| 18:41 | MotomilitiA · wall_segment Stone Wall x2 |
| 18:43 | MotomilitiA · wall_segment Stone Wall x1 |
| 18:44 | MotomilitiA · wall_segment Stone Wall x1 |
| 18:45 | MotomilitiA · wall_segment Stone Wall x1 |
| 18:46 | MotomilitiA · wall_segment Stone Wall x1 |
| 18:48 | MotomilitiA · wall_segment Stone Wall x1 |
| 18:49 | MotomilitiA · wall_segment Stone Wall x1 |
| 19:00 | MotomilitiA · wall_segment Stone Wall x1 |
| 19:00 | MotomilitiA · wall_segment Stone Wall x1 |
| 19:02 | MotomilitiA · wall_segment Stone Wall x2 |
| 19:11 | avatar_tp · wall_segment Palisade Wall x3 |
| 19:28 | FMG | Sawasha Takohida · first_market_sell 100 stone |
| 19:33 | Fluffy Dust · first_market_buy 100 food |
| 19:40 | MotomilitiA · wall_segment Stone Wall x1 |
| 19:43 | MotomilitiA · wall_segment Stone Wall x1 |
| 19:45 | MotomilitiA · wall_segment Stone Wall x1 |
| 19:54 | Fluffy Dust · first_market_sell 100 wood |
| 20:02 | FMG | Rxon · first_market_buy 100 food |
| 20:40 | |FMG| Nadie · first_building Monastery |
| 22:08 | avatar_tp · first_building Monastery |
| 22:47 | avatar_tp · wall_segment Stone Wall x1 |
| 22:50 | Fluffy Dust · age_up castle |
| 23:04 | avatar_tp · wall_segment Palisade Wall x1 |
| 24:13 | No[☠]Fate · first_market_buy 100 food |
| 24:56 | avatar_tp · wall_segment Palisade Wall x1 |
| 24:57 | avatar_tp · wall_segment Palisade Wall x1 |
| 25:42 | avatar_tp · first_building Barracks |
| 25:55 | |FMG| pablomac12 · wall_segment Palisade Wall x4 |
| 26:22 | MotomilitiA · first_market_buy 100 food |
| 28:32 | |FMG| Nadie · first_building Siege Workshop |
| 29:02 | FMG | Rxon · first_building Stable |
| 29:14 | MotomilitiA · age_up castle |
| 29:28 | MotomilitiA · first_building Siege Workshop |
| 29:39 | |FMG| pablomac12 · age_up castle |
| 29:50 | FMG | Rxon · tribute_sent a jugador 1 |
| 29:50 | FMG | Rxon · tribute_sent a jugador 2 |
| 29:50 | FMG | Rxon · tribute_sent a jugador 3 |
| 29:50 | FMG | Rxon · tribute_sent a jugador 5 |
| 29:50 | FMG | Rxon · tribute_sent a jugador 6 |
| 29:50 | FMG | Rxon · tribute_sent a jugador 7 |
| 29:50 | FMG | Rxon · tribute_sent a jugador 8 |
| 30:17 | |FMG| pablomac12 · wall_segment Palisade Wall x1 |
| 30:38 | MotomilitiA · wall_segment Stone Wall x6 |
| 30:41 | MotomilitiA · wall_segment Stone Wall x6 |
| 30:45 | MotomilitiA · wall_segment Stone Wall x25 |
| 31:04 | |FMG| Nadie · first_building Castle |
| 31:12 | avatar_tp · first_building Siege Workshop |
| 31:17 | |FMG| Nadie · first_market_sell 100 food |
| 31:33 | MotomilitiA · wall_segment Stone Wall x1 |
| 31:34 | MotomilitiA · wall_segment Stone Wall x1 |
| 31:35 | MotomilitiA · wall_segment Stone Wall x1 |
| 31:37 | MotomilitiA · wall_segment Stone Wall x1 |
| 32:16 | No[☠]Fate · first_building Barracks |
| 32:52 | No[☠]Fate · first_building Stable |
| 33:14 | |FMG| Nadie · wall_segment Stone Wall x1 |
| 34:04 | MotomilitiA · wall_segment Stone Wall x1 |
| 34:08 | FMG | Rxon · first_market_sell 100 food |
| 34:34 | No[☠]Fate · first_building Archery Range |
| 34:58 | FMG | Rxon · age_up imperial |
| 35:13 | MotomilitiA · wall_segment Stone Wall x1 |
| 35:14 | MotomilitiA · wall_segment Stone Wall x1 |
| 35:15 | MotomilitiA · wall_segment Stone Wall x1 |
| 35:16 | MotomilitiA · wall_segment Stone Wall x1 |
| 35:17 | MotomilitiA · wall_segment Stone Wall x1 |
| 35:18 | MotomilitiA · wall_segment Stone Wall x1 |
| 35:23 | FMG | Sawasha Takohida · wall_segment Stone Wall x14 |
| 35:28 | FMG | Sawasha Takohida · wall_segment Stone Wall x8 |
| 35:59 | Fluffy Dust · first_building Monastery |
| 36:12 | FMG | Sawasha Takohida · first_building Barracks |
| 36:16 | FMG | Sawasha Takohida · tribute_sent a jugador 1 |
| 36:16 | FMG | Sawasha Takohida · tribute_sent a jugador 2 |
| 36:16 | FMG | Sawasha Takohida · tribute_sent a jugador 3 |
| 36:16 | FMG | Sawasha Takohida · tribute_sent a jugador 4 |
| 36:16 | FMG | Sawasha Takohida · tribute_sent a jugador 5 |
| 36:16 | FMG | Sawasha Takohida · tribute_sent a jugador 6 |
| 36:16 | FMG | Sawasha Takohida · tribute_sent a jugador 7 |
| 37:38 | FMG | Sawasha Takohida · first_building Archery Range |
| 38:53 | MotomilitiA · first_building Castle |
| 39:31 | |FMG| Nadie · age_up imperial |
| 39:44 | avatar_tp · age_up imperial |
| 40:01 | Fluffy Dust · first_building Castle |
| 40:27 | Fluffy Dust · age_up imperial |
| 40:35 | FMG | Sawasha Takohida · age_up imperial |
| 42:13 | Fluffy Dust · wall_segment Palisade Wall x1 |
| 42:41 | MotomilitiA · wall_segment Stone Wall x5 |
| 43:11 | avatar_tp · resign |
| 43:24 | |FMG| pablomac12 · first_building Castle |
| 43:38 | |FMG| pablomac12 · wall_segment Stone Wall x1 |
| 43:39 | |FMG| pablomac12 · wall_segment Stone Wall x1 |
| 43:44 | MotomilitiA · age_up imperial |
[ ANÁLISIS IA · 1 CRÉDITO ]
¿Qué pasó realmente en esta partida?
Wolo.gg analiza cada decisión: build order, eco, micro, errores típicos por bracket. Análisis personalizado por WhatsApp o Discord en 30 segundos.
Guía civ
Georgianos
Perfil
FMG | Camilo